 Dungeon Crawl Stone Soup version 0.23-a0-150-g7664ed78f7 (webtiles) character file.

251 Holzbalken the Chopper (level 5, -1/39 HPs)
             Began as a Demonspawn Gladiator on Sept 7, 2018.
             Slain by Sigmund
             ... wielding a +0 scythe
              (3 damage)
             ... on level 3 of the Dungeon.
             The game lasted 00:13:27 (2873 turns).

Holzbalken the Chopper (Demonspawn Gladiator)       Turns: 2873, Time: 00:13:28

Health: -1/39      AC: 13    Str: 15    XL:     5   Next: 88%
Magic:  5/5        EV: 17    Int: 10    God:
Gold:   125        SH:  0    Dex: 14    Spells: 4/4 levels left

rFire    . . .     SeeInvis .   a - +1 war axe
rCold    + . .     Gourm    .   (no shield)
rNeg     . . .     Faith    .   e - +2 scale mail {rC+}
rPois    +         Spirit   .   c - +0 helmet
rElec    .         Reflect  .   t - +0 cloak
rCorr    .         Harm     .   (no gloves)
MR       .....                  o - +0 pair of boots
Stlth    ..........             (no amulet)
HPRegen  0.13/turn              h - +6 ring of evasion
MPRegen  0.09/turn              r - ring of poison resistance

@: flying
A: thin metallic scales 1, powered by death 1
a: no special abilities


You were on level 3 of the Dungeon.
You were not hungry.

You visited 1 branch of the dungeon, and saw 3 of its levels.
You also visited: Sewer.

You collected 125 gold pieces.

Inventory:

Hand Weapons
 a - a +1 war axe (weapon)
 b - a +0 mace
Missiles
 d - 3 throwing nets (quivered)
Armour
 c - a +0 helmet (worn)
 e - a +2 scale mail of cold resistance (worn)
 o - a +0 pair of boots (worn)
 q - a +0 leather armour
 t - a +0 cloak (worn)
Jewellery
 h - a +6 ring of evasion (left hand)
 k - an uncursed ring of protection from cold
 r - a ring of poison resistance (right hand)
Scrolls
 g - 3 scrolls of remove curse {unknown}
 m - a scroll of blinking {unknown}
 p - 2 scrolls of identify
 s - 2 scrolls of enchant weapon
Potions
 i - a potion of haste
 j - 2 potions of flight
 u - 2 potions of invisibility
Comestibles
 f - 4 rations


   Skills:
 + Level 2.7 Fighting
 + Level 4.5 Axes
 - Level 1.7 Throwing
 * Level 2.2 Armour
 + Level 3.6 Dodging
 + Level 0.1 Stealth


You had 4 spell levels left.
You didn't know any spells.
Your spell library was empty.

Dungeon Overview and Level Annotations

Branches:
Dungeon (3/15)

Altars:
Okawaru
Ru
Sif Muna

Annotations:
D:3 Sigmund


Innate Abilities, Weirdness & Mutations

You are partially covered in thin metallic scales. (AC +2)
You regenerate a little health from kills.


Message History

Deactivating autopickup; reactivate with Ctrl-A.
You closely miss something. Something hits you but does no damage.
You miss something. Something hits you but does no damage.
You miss something. You barely miss something. Something hits you.
* * * LOW HITPOINT WARNING * * *
You barely miss something. Something barely misses you.
You hit something but do no damage. Something closely misses you.
You barely miss something. Something hits you.
* * * LOW HITPOINT WARNING * * *
It was a potion of flight.
You feel very buoyant.
You fly up into the air.
It was a potion of curing.
You feel better. Something hits you!
* * * LOW HITPOINT WARNING * * *
Okay, then.
You hit something. Something hits you.
* * * LOW HITPOINT WARNING * * *
You miss something. Something hits you.
You die...

,,,,* *,,,,* ,,,,* #....#
,,,,* #....# ,,,,* #....*
,,,,***** #...,* ,,,,,,,,*
#.K#** *,,,..,,* #..#
**,,..!,* ##..#######
,,,,....* #....{@...#
**,,....###.###.###.#
****#.......# #.# #.#
****#####...###'###.#
,,,,,*###.....'_'..)#
,,,,,*#.....#######.#
,,,,.##.....# ### #.#
,,,,........#######.#####
,,,,................#...##


There were no monsters in sight!

Vanquished Creatures
  Crazy Yiuf (D:2)
  Terence (D:2)
  2 river rats (D:3)
  5 adders
  8 worms
  7 dart slugs
  2 orcs (D:3)
  2 ball pythons
  4 giant cockroaches
  8 hobgoblins
  11 jackals
  11 bats
  7 frilled lizards
  9 goblins
  5 kobolds
  9 rats
92 creatures vanquished.

Vanquished Creatures (others)
  An adder (D:3)
1 creature vanquished.

Grand Total: 93 creatures vanquished

Notes
Turn   | Place    | Note
-------+----------+-------------------------------------------
     0 | D:1      | Holzbalken the Demonspawn Gladiator began the quest for the
                  | Orb.
     0 | D:1      | Reached XP level 1. HP: 16/16 MP: 1/1
   149 | D:1      | Gained mutation: You regenerate a little health from kills.
                  | [demonic ancestry]
   149 | D:1      | Reached XP level 2. HP: 22/22 MP: 2/2
   219 | D:1      | Reached skill level 3 in Axes
   601 | D:1      | Gained mutation: You are partially covered in thin metallic
                  | scales. (AC +2) [demonic ancestry]
   601 | D:1      | Reached XP level 3. HP: 27/27 MP: 3/3
   991 | D:2      | Reached skill level 1 in Armour
  1076 | D:2      | Found a runed door.
  1137 | D:2      | Found a faded altar of an unknown god.
  1224 | D:2      | Noticed Terence
  1275 | D:2      | Killed Terence
  1275 | D:2      | Reached XP level 4. HP: 21/34 MP: 4/4
  1670 | D:2      | Found an iron altar of Okawaru.
  2063 | D:2      | Found a sacrificial altar of Ru.
  2132 | D:2      | Noticed Crazy Yiuf
  2142 | D:2      | Killed Crazy Yiuf
  2142 | D:2      | Reached XP level 5. HP: 27/39 MP: 5/5
  2258 | D:3      | Reached skill level 4 in Axes
  2323 | D:3      | Found a deep blue altar of Sif Muna.
  2428 | D:3      | Found a glowing drain.
  2451 | Sewer    | Entered a sewer
  2822 | D:3      | Noticed Sigmund
  2873 | D:3      | Slain by Sigmund

Vault maps used:
D:1:      tarquinn_simple_flora_water_f
D:2:      lemuel_coloured_pillars_altar, nicolae_ru_the_path_less_chosen,
          chequers_ecumenical_altar_simple_redux, kennysheep_generic_room_16,
          uniq_crazy_yiuf_cottage, uniq_terence
D:3:      cheibrodos_thug_alley, lemuel_doored_altar, portal_sewer_entry_e,
          uniq_grinder, uniq_ijyb, uniq_robin, uniq_sigmund
Sewer:    sewer_fruit_machine

Skill      XL: |  1  2  3  4  5 |
---------------+----------------+-----
Axes           | 3 4 |  4.5
Dodging        | 3 |  3.6
Armour         | 1 2 |  2.2
Fighting       | |  2.7
Throwing       | |  1.7
Stealth        | |  0.1

Action                   |  1- 3 |  4- 6 || total
-------------------------+-------+-------++-------
Melee: War axe           |   119 |   202 ||   321
  Use: Potion            |     3 |     2 ||     5
       Scroll            |       |     5 ||     5
  Eat: Chunk             |     1 |     6 ||     7
Armor: Leather armour    |    55 |       ||    55
       Scale mail        |       |    73 ||    73
Dodge: Dodged            |   106 |   186 ||   292

Table legend:
 A = Non-vault XP
 B = Vault XP
 C = Vault XP percentage of total XP
 D = Non-vault monster count
 E = Vault monster count
 F = Vault count percentage of total count
                 A         B        C        D         E       F
            +---------+---------+-------+---------+---------+-------
      Total |     174 |     185 |  51.5 |      63 |      30 |  32.3
            +---------+---------+-------+---------+---------+-------
        D:1 |      50 |       0 |   0.0 |      25 |       0 |   0.0
        D:2 |      86 |      93 |  52.0 |      24 |       5 |  17.2
        D:3 |      38 |      48 |  55.8 |      14 |       8 |  36.4
      Sewer |       0 |      44 | 100.0 |       0 |      17 | 100.0
            +---------+---------+-------+---------+---------+-------
